 Dungeon Crawl Stone Soup version 0.17-a0-1115-g0372368 (webtiles) character file.

27 futacatgirl the Sneak (level 3, -1/31 HPs)
             Began as a Naga Wizard on May 23, 2015.
             Slain by an adder (4 damage)
             ... on level 2 of the Dungeon.
             The game lasted 00:04:45 (1493 turns).

futacatgirl the Sneak (Naga Wizard)                 Turns: 1493, Time: 00:04:46

Health: -1/31      AC:  2    Str:  9    XL:     3   Next: 10%
Magic:  0/7        EV: 10    Int: 19    God:
Gold:   57         SH:  0    Dex:  9    Spells: 1 memorised, 7 levels left

rFire  . . .     SeeInvis +     e - +0 short sword
rCold  . . .     Clarity  .     a - +0 robe
rNeg   . . .     SustAt   .     (no shield)
rPois  +         Gourm    .     b - +0 hat
rElec  .         Spirit   .     (no cloak)
rCorr  .         Warding  .     (no gloves)
rMut   .         Stasis   .     (no barding)
MR     .....                    (no amulet)
Stlth  ++........               (no ring)
                                (no ring)

@: lethally poisoned (-1 -> -2), very slightly contaminated, very slow, not
resistant to hostile enchantments, unstealthy
A: see invisible, deformed body, poison resistance, slowness 2, slow metabolism
1, spit poison 2, AC +1
a: Spit Poison


You were on level 2 of the Dungeon.
You were not hungry.

You visited 1 branch of the dungeon, and saw 2 of its levels.

You collected 57 gold pieces.

Inventory:

Hand weapons
 e - a +0 short sword (weapon)
   (You took it off a kobold on level 1 of the Dungeon)
Armour
 a - a +0 robe (worn)
 b - a +0 hat (worn)
Scrolls
 f - a scroll of identify
 g - a scroll of teleportation
Potions
 i - a potion of agility {unknown}
Books
 c - a book of Minor Magic
Comestibles
 d - a bread ration {@e1}
 h - a royal jelly


   Skills:
 + Level 1.2 Fighting
 + Level 1.9 Dodging
 + Level 3.6 Stealth
 - Level 3.0 Spellcasting
 * Level 1.5 Conjurations
   Level 1.0 Summonings
   Level 1.0 Translocations


You had 7 spell levels left.
You knew the following spells:

 Your Spells              Type           Power        Failure   Level  Hunger
a - Magic Dart            Conj           #...         10%         1    None


Dungeon Overview and Level Annotations

Branches:
Dungeon (2/15)

Altars:


Innate Abilities, Weirdness & Mutations

You cannot wear boots.
Your serpentine skin is tough (AC +1).
You have supernaturally acute eyesight.
Armour fits poorly on your strangely shaped body.
Your system is resistant to poisons.
You cover ground very slowly.
You have a slow metabolism.
You can spit poison.


Message History

Aim: a hobgoblin, wielding a club (heavily wounded)
The magic dart hits the hobgoblin.
You kill the hobgoblin!
You have reached level 3!
Your experience leads to an increase in your attributes!
Increase (S)trength, (I)ntelligence, or (D)exterity?
You feel clever.
Your skin feels tougher.
Health restored: 31 You start resting.
A hobgoblin opens the door.
It is wielding a club.
Aim: a hobgoblin, wielding a club (hasn't noticed you)
The magic dart hits the hobgoblin.
The hobgoblin shouts!
You now have 1/7 mp.
Aim: a hobgoblin, wielding a club (severely wounded)
The magic dart hits the hobgoblin.
You kill the hobgoblin!
You now have 1/7 mp.
You start resting.
You are feeling hungry.
You regained 2 mp, and now have 3/7 mp.
You start resting.
MP restored: 7
Things that are here:
a club; a hobgoblin corpse You butcher the hobgoblin corpse.
i - a chunk of flesh {@w0} You see here a club.
Eating a chunk of flesh {@w0}.
You continue eating. x2
Things that are here:
a club; a hobgoblin corpse
There is an open door here.
i - an inky potion You open the door.
There is an open door here.
You open the door.
A rat comes into view.
A rat is nearby!
Aim: a rat (resting)
The magic dart hits the rat.
You now have 6/7 mp.
Aim: a rat (heavily wounded)
The magic dart hits the rat.
You kill the rat!
You now have 5/7 mp.
There is an open door here.
A goblin comes into view.
The goblin shouts!
An adder comes into view.
Aim: a goblin The magic dart hits the goblin.
You kill the goblin!
You now have 5/7 mp.
Aim: an adder The magic dart hits the adder.
You now have 4/7 mp.
Aim: an adder (lightly wounded)
The magic dart hits the adder.
An adder comes into view.
You now have 3/7 mp.
Aim: an adder (lightly wounded)
The magic dart hits the adder.
You now have 2/7 mp.
Aim: an adder (moderately wounded)
The magic dart hits the adder.
You now have 1/7 mp.
Aim: an adder (heavily wounded)
You miscast Magic Dart.
You are very lightly contaminated with residual magic.
You feel a strange surge of energy! The adder bites you.
The adder bites you but does no damage.
You take 3 damage, and have 28/31 hp.
You now have 0/7 mp.
You miss the adder. The adder misses you.
You completely miss the adder. The adder bites you.
You are poisoned.
The adder poisons you! The adder bites you. The adder bites you.
The adder closely misses you.
You take 10 damage, and have 18/31 hp.
MASSIVE DAMAGE!!
Aim: an adder The splash of poison misses the adder.
You feel slightly more hungry.
You feel sick. The adder barely misses you. The adder closely misses you.
You take 1 damage, and have 17/31 hp.
Aim: an adder The magic dart hits the adder.
The adder closely misses you. The adder closely misses you.
You now have 0/7 mp.
You closely miss the adder.
You have got your breath back.
The adder bites you. x3
* * * LOW HITPOINT WARNING * * *
The adder bites you.
* * * LOW HITPOINT WARNING * * *
You take 11 damage, and have 6/31 hp.
MASSIVE DAMAGE!!
You hit the adder but do no damage.
You feel sick. The adder bites you.
* * * LOW HITPOINT WARNING * * *
The adder bites you.
You die...

....... ...#.
...#. .. #....
...####+#...
...........#
........SS##
#.......@.# ...
#.........#....
#...............
#...†.........#.
#.............#
######'####.....#
#...##.##.......#
#...##'#........#
#...............#


You could see 2 adders.

Vanquished Creatures
  2 giant geckos (D:1)
  3 goblins
  4 hobgoblins
  3 jackals (D:1)
  A quokka (D:2)
  2 giant cockroaches
  A giant newt (D:1)
  4 kobolds
  3 rats
23 creatures vanquished.

Notes
Turn   | Place    | Note
--------------------------------------------------------------
     0 | D:1      | futacatgirl the Naga Wizard began the quest for the Orb.
     0 | D:1      | Reached XP level 1. HP: 15/15 MP: 4/4
   313 | D:1      | Reached XP level 2. HP: 13/24 MP: 0/6
   596 | D:1      | Reached skill level 1 in Fighting
  1372 | D:2      | Reached XP level 3. HP: 31/31 MP: 1/7
  1492 | D:2      | HP: 7/31 [adder (3)]
  1493 | D:2      | HP: 3/31 [adder (2)]
  1493 | D:2      | Slain by an adder

Vault maps used:
D:1:      dpeg_arrival_ternary

Action                   || total
-------------------------++-------
Melee: Unarmed           ||     5
       Short sword       ||    23
 Cast: Magic Dart        ||    62
 Abil: Spit Poison       ||     1
  Use: Scroll            ||     3
  Eat: Chunk             ||     1

Vault maps used:
D:1:      dpeg_arrival_ternary

Table legend:
 A = Turns spent in this place as a percentage of turns spent in the entire game.
 B = Non-inter-level travel turns spent in this place as a percentage of non-inter-level travel turns spent in the entire game.
 C = Inter-level travel turns spent in this place as a percentage of turns spent in this place.
 D = Turns resting spent in this place as a percentage of non-inter-level travel turns spent in this place.
 E = Turns spent auto-exploring this place as a percentage of non-inter-level travel turns spent in this place.
 F = Non-inter-level travel turns spent in this place divided by the number of levels of this place that you've seen.
                   A       B       C       D       E      F
               +-------+-------+-------+-------+-------+----------------------
         Total | 100.0 | 100.0 |   0.4 |  14.0 |  14.4 | 118.0
       Dungeon | 100.0 | 100.0 |   0.4 |  14.0 |  14.4 | 118.0
               +-------+-------+-------+-------+-------+----------------------

Table legend:
 A = Kills in this place as a percentage of kills in entire the game.
 B = Kills by you in this place as a percentage of kills by you in the entire game.
 C = Kills by friends in this place as a percentage of kills by friends in the entire game.
 D = Other kills in this place as a percentage of other kills in the entire game.
 E = Experience gained in this place as a percentage of experience gained in the entire game.
 F = Experience gained in this place divided by the number of levels of this place that you have seen.
                   A       B       C       D       E      F
               +-------+-------+-------+-------+-------+----------------------
         Total | 100.0 | 100.0 |  -nan |  -nan | 100.0 |  19.5
       Dungeon | 100.0 | 100.0 |  -nan |  -nan | 100.0 |  19.5
               +-------+-------+-------+-------+-------+----------------------
